Map: Ascensão para Aiur LE

Players

TheZergLord - Winner!

  • Race: Zerg Zerg
  • League: Grandmaster
  • Spawn Location: 5:00

ale

  • Race: Zerg Zerg
  • League: Master
  • Spawn Location: 11:00

VOD

Have the link to the VOD?

Description

Time

  • Played on: June 12, 2017, 12:23 p.m.
  • Length: 10:02
Show
View Real Time Build Order
Export as new Build Order

TheZergLord Zerg - Winner!

Build Orders: Hatch First 

Get SALT Encoding   

  12  0:01  Drone  
  13  0:12  Overlord  
  13  0:17  Drone  
  14  0:30  Drone  
  14  0:31  Drone  
  14  0:34  Drone  
  17  0:52  Hatchery  
  17  0:55  Drone  
  17  0:58  Drone  
  18  1:10  Extractor  
  17  1:13  Spawning Pool  
  17  1:17  Drone  
  17  1:20  Drone  
  18  1:28  Drone  
  19  1:39  Overlord  
  19  2:00  Queen, Zergling x2  
  19  2:01  Zergling x2  
  23  2:03  Queen  
  23  2:04  Zergling x2  
  26  2:10  Metabolic Boost  
  26  2:14  Drone  
  27  2:20  Zergling x2, Spine Crawler  
  27  2:26  Zergling x2  
  27  2:27  Zergling x2  
  28  2:40  Baneling Nest  
  28  2:44  Zergling x6  
  25  2:53  Zergling x2  
  24  3:00  Zergling x4  
  24  3:06  Zergling x2  
  23  3:18  Queen  
  25  3:25  Baneling  
  25  3:31  Drone x5  
  29  3:45  Drone x3  
  29  3:47  Baneling x2  
  29  3:48  Baneling  
  32  3:49  Zergling x2  
  34  3:55  Zergling x2  
  34  3:58  Queen  
  36  4:14  Overlord  
  36  4:21  Lair  
  36  4:25  Evolution Chamber  
  36  4:30  Roach Warren  
  33  4:34  Drone x3  
  33  4:35  Drone x3  
  39  4:42  Overlord  
  39  4:43  Drone  
  40  4:46  Drone x2  
  40  4:51  Zerg Missile Weapons Level 1  
  42  5:05  Overlord  
  42  5:06  Extractor  
  41  5:08  Extractor  
  41  5:10  Roach x2  
  43  5:22  Roach  
  43  5:27  Drone  
  43  5:28  Drone x4  
  50  5:29  Roach  
  52  5:42  Overlord  
  52  5:46  Roach x3  
  52  5:47  Roach  
  59  5:51  Overlord x3  
  59  6:01  Roach Warren, Roach  
  60  6:05  Roach x2  
  64  6:12  Roach x3  
  65  6:27  Roach  
  65  6:28  Roach x4  
  66  6:42  Drone x3  
  66  6:43  Glial Reconstitution  
  66  6:46  Overseer  
  69  6:48  Drone  
  69  6:53  Zerg Missile Weapons Level 2  
  70  7:00  Drone x3  
  73  7:12  Overlord  
  73  7:17  Hatchery  
  72  7:23  Overlord  
  72  7:24  Roach x4  
  72  7:25  Roach  
  82  7:34  Overlord x2  
  82  7:46  Roach x5  
  82  7:47  Roach  
  94  7:55  Roach x2  
  98  7:59  Roach x2  
  102  8:07  Roach x2  
  106  8:14  Overlord  
  106  8:24  Overlord x2  
  106  8:25  Roach  
  106  8:26  Roach x3  
  114  8:29  Queen  
  116  8:39  Roach x2  
  116  8:40  Roach  
  122  8:53  Roach  
  122  8:54  Roach x4  
  122  9:02  Roach x3  
  122  9:14  Roach x3  
  128  9:21  Roach x3  
  134  9:29  Roach x3  
  122  9:34  Roach x2  
  108  9:42  Roach x3  
Show
View Real Time Build Order
Export as new Build Order

ale Zerg 

Build Orders: Pool First 

Get SALT Encoding   

  12  0:01  Drone  
  13  0:09  Extractor  
  12  0:25  Spawning Pool  
  11  0:30  Drone  
  11  0:35  Drone  
  13  0:41  Drone  
  14  0:52  Overlord  
  14  1:12  Zergling x2  
  14  1:13  Zergling x2  
  14  1:14  Zergling x2  
  14  1:16  Metabolic Boost  
  17  1:26  Zergling x2  
  18  1:32  Queen  
  18  1:37  Zergling x2  
  21  1:46  Overlord  
  21  1:58  Zergling x2  
  22  2:09  Zergling x2  
  22  2:15  Hatchery  
  22  2:23  Zergling x2  
  23  2:34  Zergling x2  
  24  2:40  Zergling x2  
  25  2:44  Zergling x2  
  25  2:45  Zergling x4  
  27  2:53  Zergling x2  
  27  3:01  Queen  
  27  3:04  Zergling x2  
  28  3:15  Zergling x2  
  28  3:18  Drone, Overlord  
  30  3:32  Roach Warren  
  28  3:39  Drone x2  
  30  3:42  Drone  
  30  3:46  Drone  
  32  3:50  Drone  
  33  3:56  Drone  
  34  4:06  Drone x2  
  34  4:09  Drone  
  37  4:15  Drone x2  
  39  4:20  Drone  
  39  4:23  Drone  
  41  4:30  Drone x2  
  43  4:35  Overlord  
  43  4:42  Extractor  
  43  4:44  Roach  
  44  4:45  Overlord  
  44  4:56  Roach  
  46  5:00  Roach x3  
  46  5:05  Roach x2  
  56  5:09  Roach  
  56  5:13  Roach  
  60  5:18  Overlord  
  59  5:30  Lair  
  59  5:35  Drone  
  60  5:37  Roach x2  
  64  5:44  Roach x2  
  64  5:49  Overlord  
  68  5:55  Evolution Chamber  
  67  6:07  Overlord  
  71  6:11  Roach x4  
  75  6:25  Roach  
  74  6:27  Roach  
  74  6:28  Roach  
  74  6:29  Roach  
  74  6:30  Roach  
  76  6:35  Roach  
  76  6:37  Glial Reconstitution  
  76  6:42  Drone x2  
  76  6:46  Drone  
  79  6:51  Drone x3  
  82  6:56  Drone  
  82  6:59  Zerg Missile Weapons Level 1  
  83  7:03  Drone  
  84  7:11  Overlord  
  84  7:14  Unknown  
  84  7:15  Overlord  
  84  7:32  Roach x3  
  84  7:33  Roach x3, Overlord  
  84  7:35  Roach  
  98  7:38  Roach  
  100  7:45  Overlord  
  104  7:58  Roach x2, Hatchery  
  104  8:02  Roach  
  104  8:03  Roach  
  104  8:05  Roach  
  109  8:06  Overseer  
  109  8:10  Roach  
  111  8:13  Roach  
  111  8:14  Unknown  
  111  8:17  Roach  
  115  8:20  Drone  
  115  8:22  Overlord  
  116  8:32  Overlord  
  116  8:37  Overlord  
  116  8:38  Overlord  
  116  8:39  Overlord  
  116  8:43  Roach  
  116  8:48  Roach  
  117  8:52  Roach x2  
  117  8:53  Roach  
  117  8:54  Roach  
  104  8:56  Roach  
  104  8:58  Roach  
  104  9:00  Drone  
  94  9:04  Roach  
  96  9:11  Roach x2  
  96  9:16  Roach  
  104  9:24  Roach  
  104  9:25  Roach x2  
  92  9:33  Roach  
  92  9:35  Roach  
  92  9:38  Roach  
Tags
 
Add a new tag
Caveats
  • Supply blocks, unpowered buildings, or Contaminate may cause inaccurate times.
  • Supply counts are checked every 10 seconds.